cohdb
Replays
Latest Replays
All Replays
Popular Replays
Top Player Replays
Match Explorer
How It Works
Community
CoH3 Stats
Reddit
Sign in to upload your games and track your stats! →
Sign in with Steam
Match 45923028
Unlisted
Match 45923028
Overview
Messages
Build Orders
End
Panzerpioneer Squad
Panzerpioneer Squad
Selects Panzerjäger Kommand Battlegroup
250 Light Carrier
Construct Light Support Kompanie
Combat Half-tracks
Assault Grenadier Squad
Selects GrB 39 Grenade Launcher Requisition
Construct Mechanized Kompanie
Panzerjäger Mechanized Group
MG34 Team
Support Armor Elements
StuG III D Assault Gun
Rapid Advance
Selects Crew Shock Tactics
Emergency Repair Kits
Vehicle Survival Package
254 Reconnaissance Tractor
Flakvierling Half-track
Panzerjäger Mechanized Group
254 Reconnaissance Tractor
Crew Shock Tactics
2.5-tonne Medical Truck
StuG III D Assault Gun
Selects Anti-tank Overwatch
Lemon
Nostalgi@
0
0
Comments
sign in to comment!
No comments posted yet!